 Dungeon Crawl Stone Soup version 0.30-b1-2-g02819fbbbe (webtiles) character file.

Game seed: 7346632639674259714

903 SamuraiZach the Grappler (level 7, 0/66 HPs)
             Began as a Troll Monk on Sept 3, 2023.
             Slain by a gnoll
             ... wielding a +0 whip
             ... led by a gnoll bouda
              (2 damage)
             ... on level 5 of the Dungeon.
             The game lasted 00:05:15 (3875 turns).

SamuraiZach the Grappler (Troll Monk)               Turns: 3875, Time: 00:05:17

Health: 0/66       AC:  4    Str: 22    XL:     7   Next: 80%
Magic:  6/6        EV: 10    Int:  6    God:
Gold:   188        SH:  0    Dex: 18    Spells: 6/6 levels left

rFire   . .          .
                       - Unarmed
rCold   . . .        c - orb {light}
rNeg    . . .        a - +0 robe
rPois   .            (helmet restricted)
rElec   .            (no cloak)
rCorr   .            (gloves unavailable)
SInv    .            (boots unavailable)
Will    .....        (no amulet)
Stlth   +            o - +6 ring of dexterity
HPRegen 1.11/turn    (no ring)
MPRegen 0.10/turn

%: no passive effects
@: weakened, glowing
A: large, unfitting armour, claws 3, regeneration 1, shaggy fur 1, tough skin 1
a: no special abilities


You were on level 5 of the Dungeon.
You visited 1 branch of the dungeon, and saw 5 of its levels.

You collected 188 gold pieces.

Inventory:

Missiles
 t - 2 throwing nets (quivered)
Armour
 a - a +0 robe (worn)
 c - an orb of light (worn)
Jewellery
 m - an amulet of the acrobat
 o - a +6 ring of dexterity (left claw)
 w - a ring of resist corrosion
 y - a ring of fire
 D - an amulet of faith
Wands
 l - a wand of acid (1)
 z - a wand of flame (52)
 F - a wand of roots (7)
Scrolls
 f - a scroll of enchant weapon {unknown}
 h - 2 scrolls of poison {unknown}
 i - 2 scrolls of teleportation
 j - 5 scrolls of identify {unknown}
 p - 2 scrolls of amnesia {unknown}
 s - a scroll of fog {unknown}
 u - a scroll of silence {unknown}
 x - a scroll of brand weapon {unknown}
 B - a scroll of torment {unknown}
 C - a scroll of noise {unknown}
 E - a scroll of fear {unknown}
Potions
 b - a potion of ambrosia
 d - a potion of berserk rage {unknown}
 e - 2 potions of invisibility {unknown}
 g - a potion of resistance {unknown}
 k - 2 potions of might {unknown}
 n - a potion of lignification {unknown}
 q - a potion of attraction {unknown}
 r - 3 potions of curing {unknown}
 v - a potion of haste {unknown}
 A - a potion of degeneration {unknown}


   Skills:
 - Level 2.4 Fighting
 - Level 2.4 Dodging
 - Level 1.0 Stealth
 + Level 9.2 Unarmed Combat


You had 6 spell levels left.
You didn't know any spells.
Your spell library contained the following spells:

 Spells                   Type           Power      Damage    Failure   Level
 Sandblast                Erth           0%         2d4       45%         1
 Slow                     Hex            0%         N/A       45%         1
 Passwall                 Tmut/Erth      0%         N/A       58%         2
 Call Canine Familiar     Summ           0%         N/A       83%         3
 Confusing Touch          Hex            0%         N/A       83%         3
 Inner Flame              Hex/Fire       0%         N/A       83%         3
 Portal Projectile        Hex/Tloc       0%         N/A       83%         3
 Stone Arrow              Conj/Erth      0%         3d7       83%         3
 Vampiric Draining        Necr           0%         2d6       83%         3
 Volatile Blastmotes      Fire/Tloc      0%         2d10      83%         3
 Fulminant Prism          Conj/Hex       0%         3d5       99%         4
 Iskenderun's Mystic Bla  Conj/Tloc      0%         2d3       99%         4
 Leda's Liquefaction      Hex/Erth       0%         N/A       99%         4
 Lee's Rapid Deconstruct  Erth           0%         3d4*      100%        5
 Yara's Violent Unravell  Hex/Tmut       0%         3d3       100%        5
 Enfeeble                 Hex            0%         N/A       100%        7


Dungeon Overview and Level Annotations

Branches:
Dungeon (5/15)
 Temple: D:4-7

Altars:
Ashenzari
Hepliaklqana
Nemelex Xobeh
Sif Muna
Wu Jian
Xom
Yredelemnul


Innate Abilities, Weirdness & Mutations

You are too large for most types of armour.
You have claws for hands.
Your natural rate of healing is unusually fast.
You are covered in fur. (AC +1)
You have tough skin. (AC +1)


Message History

The adder is heavily wounded.
The gnoll closely misses you. The hound bites you.
The adder completely misses you.
You scratch the adder but do no damage.
The adder is moderately wounded.
The hound barely misses you. The gnoll misses you.
The gnoll hits you with a +0 whip. The gnoll barely misses you.
The adder bites you but does no damage. The gnoll bouda barely misses you.
The hound barely misses you. The adder closely misses you.
The gnoll hits you with a +0 flail!
Keep disrobing?
The gnoll closely misses you. x2; The hound bites you.
The gnoll bouda hits you with a +0 club.
You start removing your armour.
You continue taking off your orb of light.
The adder bites you but does no damage. The gnoll hits you with a +0 flail.
The gnoll hits you with a +0 whip! The hound bites you but does no damage.
The gnoll misses you.
The gnoll bouda gazes fiercely through you!
You feel as though you will be weak longer.
The gnoll bouda hits you with a +0 club!
The adder bites you but does no damage.
You continue taking off your orb of light.
You hear the rusting of a very distant drain.
The adder hisses angrily.
The hound bites you but does no damage. The gnoll hits you with a +0 flail!
* * * LOW HITPOINT WARNING * * *
The gnoll hits you with a +0 whip!
* * * LOW HITPOINT WARNING * * *
The gnoll hits you with a +0 whip.
* * * LOW HITPOINT WARNING * * *
The adder bites you but does no damage. The hound bites you but does no damage.
The gnoll bouda barely misses you.
You continue taking off your orb of light.
The hound misses you. The gnoll hits you with a +0 flail.
* * * LOW HITPOINT WARNING * * *
The gnoll hits you with a +0 whip.
* * * LOW HITPOINT WARNING * * *
The adder bites you but does no damage. The gnoll hits you with a +0 whip.
You die...

##......#♣ ♣~~~♣# #..♣~
##.....#P #♣~♣~♣##..~.
##....#~♣♣~♣#♣~#..♣~~
###.....##~†♣# ♣~†...P~
##.......##'##♣~~♣#...~.
.............#### #..P~~
.................#....♣~
......gg...............♣
......g@h.......).......
......gS......####......
...S.........## .....
.............#
.....#......##
....##......# ...#
##...... ..# #......#


You could see a gnoll bouda, a hound, 3 gnolls and 2 adders.

Vanquished Creatures
  An ice beast (D:3)
  3 ogres (D:5)
  A jelly (D:5)
  2 hounds
  A gnoll bouda (D:5)
  An iguana (D:4)
  Natasha (thrice) (D:3)
  Ijyb (D:3)
  11 gnolls
  9 adders
  2 ufetubi
  2 worms
  2 dart slugs (D:1)
  8 orcs
  13 ball pythons
  7 bats
  8 endoplasms
  3 giant cockroaches
  15 goblins
  3 hobgoblins
  6 jackals
  3 quokkas
  4 frilled lizards
  2 kobolds
  6 rats
117 creatures vanquished.

Notes
Turn   | Place    | Note
-------+----------+-------------------------------------------
     0 | D:1      | SamuraiZach the Troll Monk began the quest for the Orb.
     0 | D:1      | Reached XP level 1. HP: 22/22 MP: 0/0
    57 | D:1      | Reached XP level 2. HP: 29/29 MP: 1/1
   304 | D:1      | Reached skill level 4 in Unarmed Combat
   530 | D:1      | Reached XP level 3. HP: 36/36 MP: 2/2
  1304 | D:2      | You fall into a shaft and drop 2 floors!
  1315 | D:4      | Reached XP level 4. HP: 26/44 MP: 3/3
  1409 | D:4      | Reached skill level 5 in Unarmed Combat
  1472 | D:4      | Found a shimmering altar of Xom.
  1639 | D:4      | Reached XP level 5. HP: 50/50 MP: 4/4
  1744 | D:4      | Reached skill level 6 in Unarmed Combat
  2298 | D:3      | Found a faded altar of an unknown god.
  2349 | D:3      | Noticed Natasha
  2355 | D:3      | Killed Natasha
  2356 | D:3      | Reached XP level 6. HP: 56/59 MP: 5/5
  2495 | D:3      | Noticed Ijyb
  2506 | D:3      | Killed Ijyb
  2554 | D:3      | Found a hazy altar of Hepliaklqana.
  2554 | D:3      | Found a broken altar of Ashenzari.
  2555 | D:3      | Found a basalt altar of Yredelemnul.
  2661 | D:3      | Noticed Natasha
  2670 | D:3      | Killed Natasha
  2671 | D:3      | Reached skill level 7 in Unarmed Combat
  2749 | D:3      | Noticed an ice beast
  2758 | D:3      | Killed an ice beast
  2785 | D:3      | Noticed Natasha
  2789 | D:3      | Killed Natasha
  2849 | D:3      | Found a sparkling altar of Nemelex Xobeh.
  2923 | D:3      | Found an ornate altar of the Wu Jian Council.
  3615 | D:5      | Entered Level 5 of the Dungeon
  3715 | D:5      | Reached XP level 7. HP: 42/66 MP: 6/6
  3720 | D:5      | Reached skill level 8 in Unarmed Combat
  3738 | D:5      | Found a shimmering blue altar of Sif Muna.
  3822 | D:5      | Reached skill level 1 in Stealth
  3822 | D:5      | Reached skill level 9 in Unarmed Combat
  3875 | D:5      | HP: 2/66 [gnoll/+0 whip[a gnoll bouda] (2)]
  3875 | D:5      | Slain by a gnoll

Illustrated notes

Levels and vault maps discovered:
D:1:      dpeg_arrival_lava_temple_mockup, layout_basic,
          chequers_decorated_corner, chequers_avenue
D:2:      layout_basic
D:3:      layout_basic, gammafunk_temple_overflow_claw,
          nemelex_spade_bored_becter, nzn_wu_jian_council_hall,
          nicolae_ecumenical_snake_handling, uniq_ijyb, uniq_natasha
D:4:      layout_basic, mainiacjoe_overflow_alcove_1
D:5:      layout_layer_cave, nicolae_sif_muna_condensation,
          minmay_temple_entry_overgrown, serial_bayou, serial_bayou_ford_a,
          serial_bayou_pond_b, serial_bayou_crossing, serial_bayou_pond_d,
          cheibrodos_sewer_entry_bend, saegor_snake_ambush

Skill      XL: |  1  2  3  4  5  6  7 |
---------------+----------------------+-----
Unarmed Combat | 4 5 6 7 9 |  9.2
Stealth        | 1 |  1.0
Fighting       | |  2.4
Dodging        | |  2.4

Action                     |  1- 3 |  4- 6 |  7- 9 || total
---------------------------+-------+-------+-------++-------
  Melee: Unarmed           |    95 |   126 |    33 ||   254
  Throw: Throwing net      |       |       |     1 ||     1
    Use: Scroll            |       |     1 |       ||     1
 Armour: Robe              |    24 |    26 |    28 ||    78
  Dodge: Dodged            |    40 |    60 |    53 ||   153
